 Dungeon Crawl Stone Soup version 0.01-2177-gccf4c23808 (webtiles) character file.

Game seed: 15315475294011076335, levelgen mode: classic

207 Amnesiac the Digger (level 5, 0/4 HPs) Fairy Earth Elementalist. Began on July 14, 2020. Slain by a cinder newt (1 damage) ... on level 2 of the Dungeon. The game lasted 00:04:33 (1204 turns).

Amnesiac the Digger (Fairy Earth Elementalist)      Turns: 1204, Time: 00:04:33

Health: 0/4        AC:  0    Str:  2    XL:     5 ^: 84
Magic:  3/3        EV: 25    Int: 18    God:
Gold:   59         SH:  0    Dex: 18    Spells: 6/12 levels left

rFire    . . .     Vision   .   (no jewelry)
rCold    . . .     Gourm    .
rNeg     . . .     Faith    .
rPois    .         Spirit   .
rElec    .         Reflect  .
rCorr    .         Harm     .
MR       +....
Stlth    +.........
HPRegen  0.11/turn
MPRegen  0.13/turn

@: very slightly contaminated, glowing, very slow
A: tiny, no armour or weapons, only one jewelry slot, no melee attacks, fairy
magic, fairy shield, fairy light, decreased potion and divine healing, slowness
1, able to fly, insubstantial
a: Fly


You were on level 2 of the Dungeon.
You were hungry.

You visited 1 branch of the dungeon, and saw 2 of its levels.

You collected 59 gold pieces.

Inventory:

Jewellery
 e - an uncursed ring of fire
Scrolls
 c - a scroll of enchantment {!r}
Potions
 a - a potion of agility {!q}
 d - 2 potions of curing {!q}
 f - a potion of heal wounds {!q}
Comestibles
 b - 5 rations


   Skills:
 - Level 3.0 Dodging
 - Level 2.0 Stealth
 + Level 4.0 Spellcasting
 - Level 1.0 Transmutations
 * Level 5.2 Earth Magic


You had 6 spell levels left.
You knew the following spells:

 Your Spells              Type           Power        Failure   Level  Hunger
a - Stone Arrow           Erth           22 (50)      5%          3    ###....
b - Passwall              Tmut/Erth      14 (120)     6%          2    ##.....
e - Sandblast             Erth           22 (50)      1%          1    None

Your spell library contained the following spells:

 Spells                   Type           Power        Failure   Level  Hunger
 Petrify                  Tmut/Erth      14 (100)     38%         4    ####...
 Lee's Rapid Deconstruct  Erth           22 (200)     43%         5    ######.
 Methodical Deconstructi  Erth           22 (200)     43%         5    ######.


Dungeon Overview and Level Annotations

Branches:
Dungeon (2/8)

Altars:


Innate Abilities, Weirdness & Mutations

You are too small to use any gear.
You can wear a single ring or amulet completely around your body.
You are incapable of melee of any kind.
Your magic reserves are extremely low but spells that normally cost one mana are free and all other spells cost one mana.
You are extremely frail but all attacks that strike you do exactly one damage.
You exude a bright light in a small radius around yourself.
The effect of potions and godly healing effects is reduced to match your tiny health and magic reserves.
You cover ground slowly.
You can fly continuously.
Your insubstantial form boosts your evasion and grants immunity to sticky flames, nets and constriction.


Message History

Aim: a sewer rat (healthy (12/12), haloed)
You miscast Sandblast.
You are very lightly contaminated with residual magic.
Nothing appears to happen.
The sewer rat completely misses the giant blowfly (0).
The sewer rat misses you (0). The sewer rat barely misses you (0).
Casting: Sandblast (safe; 1% risk of failure)
Confirm with . or Enter, or press ? or * to list all spells.
Aiming: Sandblast (safe; 1% risk of failure)
Press: ? - help, Shift-Dir - straight line, f/p - sewer rat
Aim: a sewer rat (healthy (12/12), haloed)
The blast of sand hits the sewer rat (4).
The sewer rat is moderately wounded. (8/12) HP The cinder newt closely misses you (0).
The sewer rat completely misses you (0).
The sewer rat is engulfed in a cloud of scalding steam.
The sewer rat completely misses you (0).
Casting: Sandblast (safe; 1% risk of failure)
Confirm with . or Enter, or press ? or * to list all spells.
Aiming: Sandblast (safe; 1% risk of failure)
Press: ? - help, Shift-Dir - straight line, f/p - sewer rat
Aim: a sewer rat (moderately wounded (8/12), haloed)
The blast of sand hits the sewer rat (1).
The sewer rat is heavily wounded. (7/12) HP The cinder newt closely misses you (0).
The sewer rat misses you (0).
You enter the shallow water.
The sewer rat completely misses you (0).
The cinder newt completely misses you (0).
The sewer rat completely misses you (0).
The cinder newt completely misses you (0).
The sewer rat completely misses you (0).
Casting: Sandblast (safe; 1% risk of failure)
Confirm with . or Enter, or press ? or * to list all spells.
Aiming: Sandblast (safe; 1% risk of failure)
Press: ? - help, Shift-Dir - straight line, f/p - sewer rat
Aim: a sewer rat (heavily wounded (7/12), haloed)
The blast of sand hits the sewer rat (6).
The sewer rat is almost dead. (1/12) HP The cinder newt completely misses you (0).
The sewer rat barely misses you (0).
Casting: Sandblast (safe; 1% risk of failure)
Confirm with . or Enter, or press ? or * to list all spells.
Aiming: Sandblast (safe; 1% risk of failure)
Press: ? - help, Shift-Dir - straight line, f/p - sewer rat
Aim: a sewer rat (almost dead (1/12), haloed)
The blast of sand hits the sewer rat (3).
You kill the sewer rat!
Your Spellcasting skill increases to level 4!
The cinder newt bites you (1). The cinder newt burns you!
* * * LOW HITPOINT WARNING * * *
The sewer rat bites you (2).
* * * LOW HITPOINT WARNING * * *
The sewer rat is engulfed in a cloud of scalding steam.
The cinder newt completely misses you (0).
The sewer rat completely misses you (0).
The sewer rat misses you (0).
The cinder newt completely misses you (0).
Do you really want to walk into deep water?
Your struggles to swim create loud splashing noises!
You hear an angry hiss. x2
The sewer rat bites you (3).
* * * LOW HITPOINT WARNING * * *
The cinder newt bites you (2).
You die...

.....≈≈≈≈≈#≈######≈..≈≈
......≈≈≈≈...≈###.#≈≈##.
....#..≈≈≈...§#.#≈..####
......≈≈≈≈.Z.≈#....≈≈##
.....≈≈≈≈w#≈##≈..#...##
#≈.≈.≈≈r§≈###.≈#≈##≈...
##..≈≈§≈###.≈#####.≈. .
#≈rrl≈≈##..##≈#≈...#
≈.#≈≈@r≈≈##..≈..#.≈###
#...≈≈≈≈≈≈#≈≈≈.≈.##.≈#.
......≈≈≈÷...#≈####..##≈
......≈≈≈≈..##....#..#..
≈..##≈≈≈≈≈.≈.#≈...≈≈##..
## #≈≈≈≈≈≈#≈..###≈≈#...
#≈≈≈≈≈≈##.##≈####≈..
#≈≈≈≈≈≈####.....≈...
#≈≈≈≈≈≈≈.≈..........


You could see a worm, a cinder newt, 4 sewer rats and a cinder newt skeleton.

Vanquished Creatures
  An adder (D:2)
  A gnoll (D:1)
  16 sewer rats (D:2)
  2 oozes (D:2)
  A dart slug (D:1)
  A leopard gecko (D:2)
  3 bats
  A giant cockroach (D:2)
  3 goblins (D:1)
  10 hobgoblins (D:1)
  2 ball pythons (D:2)
  3 kobolds (D:1)
  A kobold skeleton (D:2)
  2 rats (D:1)
47 creatures vanquished.

Vanquished Creatures (others)
  A sewer rat (D:2)
  A ball python (D:2)
  A bat (D:2)
  62 withered plants (D:2)
65 creatures vanquished.

Grand Total: 112 creatures vanquished

Notes
Turn   | Place    | Note
-------+----------+-------------------------------------------
     0 | D:1      | Amnesiac the Fairy Earth Elementalist began the quest for
                  | the Orb.
     0 | D:1      | Reached XP level 1. HP: 3/3 MP: 3/3
   107 | D:1      | Reached XP level 2. HP: 3/3 MP: 3/3
   471 | D:1      | Reached XP level 3. HP: 4/4 MP: 3/3
   475 | D:1      | Learned a level 2 spell: Passwall
   479 | D:1      | Learned a level 3 spell: Stone Arrow
   945 | D:2      | Reached skill level 4 in Earth Magic
   950 | D:2      | Reached XP level 4. HP: 4/4 MP: 0/3
  1037 | D:2      | Reached XP level 5. HP: 4/4 MP: 0/3
  1169 | D:2      | Reached skill level 5 in Earth Magic
  1204 | D:2      | Slain by a cinder newt

Levels and vault maps discovered:
D:1:      dpeg_arrival_long_road, layout_basic, columned_hall_lemuel
D:2:      layout_sewer, first_ration

Skill      XL: |  1  2  3  4  5 |
---------------+----------------+-----
Dodging        | 3 |  3.0
Spellcasting   | 3 4 |  4.0
Earth Magic    | 4 5 |  5.2
Stealth        | 2 |  2.0
Transmutations | |  1.0

Action                   |  1- 3 |  4- 6 || total
-------------------------+-------+-------++-------
 Cast: Sandblast         |    29 |    59 ||    88
       Stone Arrow       |    15 |     4 ||    19
  Eat: Chunk             |     2 |     1 ||     3
Dodge: Dodged            |     9 |    68 ||    77
